 Dungeon Sprint DCSS version 0.19-a0-1732-g0b18a7b (webtiles) character file.

885 Knorr the Unseen (level 8, -5/42 HPs)
             Began as a Vine Stalker Assassin on Sept 30, 2016.
             Was an Elder of Cheibriados.
             Slain by an eight-headed hydra (6 damage)
             ... in the Dungeon (Sprint IX: "|||||||||||||||||||||||||||||").
             The game lasted 00:01:40 (507 turns).

Knorr the Unseen (Vine Stalker Assassin)             Turns: 507, Time: 00:01:41

Health: -5/42      AC: 11    Str: 28    XL:     8   Next: 5%
Magic:  0/13       EV: 13    Int: 24    God:    Cheibriados [****..]
Gold:   0          SH:  0    Dex: 27    Spells: 0 memorised, 7 levels left

rFire  . . .     SeeInvis .     r - +2 rapier (distort)
rCold  . . .     Gourm    .     u - +1 scale mail
rNeg   . . .     Faith    .     (no shield)
rPois  .         Spirit   +     (no helmet)
rElec  .         Dismiss  .     d - +0 cloak
rCorr  .         Reflect  .     s - +0 pair of gloves
MR     +....     Harm     .     t - +0 pair of boots
Stlth  +++++..... NoTele   +    (no amulet)
                                v - +3 ring of intelligence
                                w - +3 ring of strength

@: very slightly contaminated, very slow
A: fangs 3, regeneration 1, magic shield, antimagic bite, no device heal 3, rot
immunity
a: Bend Time, Temporal Distortion, Slouch, Renounce Religion


You were in the Dungeon.
You worshipped Cheibriados.
Cheibriados was greatly pleased with you.
You were not hungry.

You visited 1 branch

Inventory:

Hand Weapons
 b - a +0 blowgun
 r - a +2 rapier of distortion (weapon)
Missiles
 e - 22 poisoned needles
 f - 2 curare-tipped needles
Armour
 d - a +0 cloak (worn)
 s - a +0 pair of gloves (worn)
 t - a +0 pair of boots (worn)
 u - a +1 scale mail (worn)
Jewellery
 v - a +3 ring of intelligence (right hand)
 w - a +3 ring of strength (left hand)
Wands
 q - a wand of lightning (2/15)
Scrolls
 c - 4 scrolls of enchant weapon
 m - a scroll of blinking
 n - 2 scrolls of enchant armour
 o - 3 scrolls of remove curse
 p - 2 scrolls of amnesia
 x - a scroll of fear
 y - a scroll of recharging
Potions
 a - 2 potions of might
 h - 5 potions of curing
 i - 9 potions of heal wounds
 j - a potion of haste
 k - 4 potions of magic
 l - a potion of berserk rage
Comestibles
 g - 2 bread rations


   Skills:
 + Level 4.8 Fighting
 * Level 7.1 Short Blades
 + Level 3.4 Throwing
 + Level 2.6 Armour
 + Level 2.8 Dodging
 + Level 15.0 Stealth
 * Level 6.1 Invocations


You had 7 spell levels left.
You didn't know any spells.

Dungeon Overview and Level Annotations

Branches:
Dungeon (1/1)

Altars:
Cheibriados
Dithmenos
Elyvilon
Fedhas
Gozag
Hepliaklqana
Kikubaaqudgha
Makhleb
Nemelex Xobeh
Okawaru
Qazlal
Ru
Sif Muna
Trog
Uskayaw
Vehumet
Xom
Yredelemnul
Zin
The Shining One
Beogh
Jiyva
Lugonu


Innate Abilities, Weirdness & Mutations

You have razor-sharp teeth.
Your natural rate of healing is unusually fast.
When hurt, damage is shared between your health and your magic reserves.
Your bite disrupts and absorbs the magic of your enemies.
Potions and wands cannot restore your health.
You are immune to rotting.


Message History

You have reached level 8!
You feel stronger.
Your teeth grow very long and razor-sharp.
You kill the iguana!
Cheibriados thoroughly appreciates the change of pace.
You can now step out of the time flow.
Cheibriados raises the support of your attributes as your movement slows.
You feel somewhat more hungry.
You can no longer step out of the time flow.
Cheibriados lowers the support of your attributes as your movement quickens.
The eight-headed hydra bites you!
* * * LOW HITPOINT WARNING * * *
The eight-headed hydra bites you but does no damage.
The eight-headed hydra closely misses you.
The eight-headed hydra bites you!
* * * LOW HITPOINT WARNING * * *
The eight-headed hydra bites you.
* * * LOW HITPOINT WARNING * * *
The eight-headed hydra bites you.
You die...

▓.▓.▓'▓
▓)▓.▓.▓
▓)▓.▓.▓
▓'▓.▓.▓
▓†▓.▓.▓
▓.▓.▓.▓
▓.▓.▓.▓
▓.▓.▓[▓
▓.▓.▓@▓
▓'▓.▓D▓
▓_▓.▓.▓
▓_▓.▓.▓
▓_▓.▓.▓
▓_▓.▓.▓
▓_▓.▓'▓
▓_▓.▓.▓
▓_▓.▓.▓


You could see an eight-headed hydra.

Vanquished Creatures
  2 hippogriffs (D)
  A wraith (D)
  A porcupine (D)
  A wight (D)
  A hound (D)
  5 iguanas (D)
  3 worker ants (D)
  An adder zombie (D)
  An orc (D)
  A ball python (D)
  3 giant cockroaches (D)
  2 goblins (D)
  A quokka (D)
  A jackal zombie (D)
  A leopard gecko zombie (D)
25 creatures vanquished.

Notes
Turn   | Place    | Note
-------+----------+-------------------------------------------
     0 | D        | Knorr the Vine Stalker Assassin began the quest for the Orb.
     0 | D        | Reached XP level 1. HP: 11/11 MP: 2/2
     5 | D        | Reached skill level 5 in Stealth
    13 | D        | Reached skill level 6 in Stealth
    15 | D        | Reached XP level 2. HP: 12/15 MP: 3/3
    62 | D        | Reached skill level 8 in Stealth
    62 | D        | Reached XP level 3. HP: 18/18 MP: 4/4
    78 | D        | Reached skill level 9 in Stealth
    78 | D        | Gained mutation: Your natural rate of healing is unusually fast. [Vine Stalker growth]
    78 | D        | Reached XP level 4. HP: 23/23 MP: 5/5
    80 | D        | Found a roughly hewn altar of Beogh.
    80 | D        | Found a snail-covered altar of Cheibriados.
    80 | D        | Found a shadowy altar of Dithmenos.
    80 | D        | Found a white marble altar of Elyvilon.
    80 | D        | Found a blossoming altar of Fedhas.
    80 | D        | Found an opulent altar of Gozag.
    81 | D        | Found a hazy altar of Hepliaklqana.
    82 | D        | Found a viscous altar of Jiyva.
    83 | D        | Found an ancient bone altar of Kikubaaqudgha.
    84 | D        | Became a worshipper of Cheibriados the Contemplative
    85 | D        | Found a corrupted altar of Lugonu.
    86 | D        | Found a burning altar of Makhleb.
    87 | D        | Found a sparkling altar of Nemelex Xobeh.
    88 | D        | Found an iron altar of Okawaru.
    89 | D        | Found a stormy altar of Qazlal.
    90 | D        | Found a sacrificial altar of Ru.
    91 | D        | Found a deep blue altar of Sif Muna.
    92 | D        | Found a bloodstained altar of Trog.
    93 | D        | Found a hide-covered altar of Uskayaw.
    94 | D        | Found a radiant altar of Vehumet.
    95 | D        | Found a shimmering altar of Xom.
    96 | D        | Found a basalt altar of Yredelemnul.
    97 | D        | Found a glowing silver altar of Zin.
    98 | D        | Found a glowing golden altar of the Shining One.
   155 | D        | Reached skill level 1 in Dodging
   155 | D        | Reached skill level 1 in Invocations
   158 | D        | Reached * piety under Cheibriados
   159 | D        | Reached skill level 10 in Stealth
   160 | D        | Reached XP level 5. HP: 28/28 MP: 5/7
   166 | D        | Reached ** piety under Cheibriados
   166 | D        | Reached skill level 11 in Stealth
   281 | D        | Noticed a gargoyle
   281 | D        | Noticed a wraith
   281 | D        | Noticed a hippogriff
   283 | D        | Reached skill level 5 in Short Blades
   289 | D        | Killed a hippogriff
   289 | D        | Reached skill level 1 in Armour
   289 | D        | Reached skill level 13 in Stealth
   289 | D        | Reached XP level 6. HP: 10/33 MP: 8/10
   294 | D        | Killed a wraith
   294 | D        | Reached *** piety under Cheibriados
   294 | D        | Reached skill level 5 in Invocations
   294 | D        | Reached XP level 7. HP: 4/37 MP: 9/11
   499 | D        | Noticed an eight-headed hydra
   499 | D        | Noticed a hippogriff
   501 | D        | Reached skill level 14 in Stealth
   506 | D        | Reached **** piety under Cheibriados
   507 | D        | Killed a hippogriff
   507 | D        | Reached skill level 15 in Stealth
   507 | D        | Gained mutation: You have razor-sharp teeth. [Vine Stalker growth]
   507 | D        | Reached XP level 8. HP: 20/42 MP: 5/13
   507 | D        | Reached ***** piety under Cheibriados
   507 | D        | HP: 1/42 [eight-headed hydra (3)]
   507 | D        | Slain by an eight-headed hydra

Vault maps used:
D:        linesprint

Skill      XL: |  1  2  3  4  5  6  7 |
---------------+----------------------+-----
Fighting       | 2 3 4 |  4.8
Short Blades   | 2 3 4 5 6 7 |  7.1
Stealth        | 6 8 9 10 13 15 | 15.0
Throwing       | 2 3 |  3.4
Dodging        | 1 2 |  2.8
Invocations    | 2 4 5 6 |  6.1
Armour         | 1 2 |  2.6

Action                   |  1- 3 |  4- 6 |  7- 9 || total
-------------------------+-------+-------+-------++-------
Melee: Dagger            |    20 |       |       ||    20
       Bite              |     3 |    10 |     1 ||    14
       Rapier            |       |    23 |     1 ||    24
Invok: Slouch            |       |       |     1 ||     1
Evoke: Wand              |       |     1 |     4 ||     5
  Use: Potion            |       |     1 |       ||     1
       Scroll            |       |       |     1 ||     1
 Stab: Sleeping          |     6 |       |       ||     6
       Invisible         |       |     2 |       ||     2
Armor: Robe              |     1 |       |       ||     1
       Scale mail        |       |     7 |     4 ||    11
Dodge: Dodged            |     6 |    14 |     7 ||    27
